 Dungeon Crawl Stone Soup version 0.30-a0-297-g0ec75d9ef4 (webtiles) character file.

Game seed: 8857666650274762710

123 Dnbvrw the Vexing (level 4, 0/18 (21) HPs)
             Began as a Spriggan Enchanter on Oct 19, 2022.
             Slain by a hell rat (4 damage)
             ... in a sewer.
             The game lasted 00:07:15 (1955 turns).

Dnbvrw the Vexing (Spriggan Enchanter)              Turns: 1955, Time: 00:07:16

HP:   0/18 (21)     AC:  3    Str:  5    XL:     4   Next: 79%
MP:   3/11          EV: 17    Int: 20    God:
Gold: 126           SH:  0    Dex: 14    Spells: 4/12 levels left

rFire   + . .      SeeInvis +    a - +2 dagger
rCold   . . .      Faith    .    (no shield)
rNeg    . . .      Spirit   .    b - +0 robe
rPois   .          Reflect  .    (helmet restricted)
rElec   .          Harm     .    j - +0 cloak
rCorr   .          Rampage  .    (gloves unavailable)
Will    .....                    (boots unavailable)
Stlth   +++.......               (no amulet)
HPRegen 0.23/turn                g - ring of flight
MPRegen 0.12/turn                k - ring of protection from fire

@: flying, heavily drained, very quick
A: very small, no large weapons, unfitting armour, see invisible, speed 3,
clever 1, evolution 1
a: no special abilities


You were in a sewer.
You visited 1 branch of the dungeon, and saw 3 of its levels.
You also visited: Sewer.

You collected 126 gold pieces.

Inventory:

Hand Weapons
 a - a +2 dagger (weapon)
 e - a +0 spear
Armour
 b - a +0 robe (worn)
 j - a +0 cloak (worn)
Jewellery
 g - a ring of flight (left hand)
 k - a ring of protection from fire (right hand)
 t - a ring of fire
Scrolls
 d - a scroll of blinking
 h - 2 scrolls of identify
 l - 2 scrolls of enchant weapon
 r - a scroll of teleportation
Potions
 c - 3 potions of invisibility
 f - 3 potions of heal wounds
 i - a potion of haste
 m - a potion of flight
 n - a potion of curing
 q - a potion of cancellation


   Skills:
 - Level 1.1 Short Blades
 - Level 2.6 Dodging
 - Level 4.4 Stealth
 + Level 4.8 Spellcasting
 + Level 5.4 Hexes


You had 4 spell levels left.
You knew the following spells:

 Your Spells              Type           Power      Damage    Failure   Level
a - Ensorcelled Hibernat  Hex/Ice        30%        N/A       6%          2
b - Tukima's Dance        Hex            26%        N/A       3%          3
d - Confusing Touch       Hex            26%        N/A       3%          3

Your spell library contained the following spells:

 Spells                   Type           Power      Damage    Failure   Level
 Dazzling Flash           Conj/Hex       30%        N/A       12%         3
 Kindle Blastsparks       Fire/Tloc/Air  8%         2d10      34%         3
 Fulminant Prism          Conj/Hex       7%         3d7       36%         4
 Iskenderun's Mystic Bla  Conj/Tloc      4%         2d3       75%         4
 Lee's Rapid Deconstruct  Erth           2%         3d4*      97%         5


Dungeon Overview and Level Annotations

Branches:
Dungeon (3/15)              Sewer (1/1)

Altars:
Kikubaaqudgha
Zin

Shops:
D:2 :


Innate Abilities, Weirdness & Mutations

You are very small and have problems with some larger weapons.
You are too small for most types of armour.
You have supernaturally acute eyesight. (SInv)
You cover ground extremely quickly. (Speed+++)
Your mind is acute. (Int +4, Str/Dex -1)
You have hidden genetic potential.


Message History

No target in view!
No target in view!
A rat comes into view.
You reach down and open the door.
A hell rat comes into view.
The hell rat roars deafeningly!
Found seven items.
Found a gate leading back out of this place.
There is an open door here.
Casting: Ensorcelled Hibernation (safe; 6% risk of failure)
Confirm with . or Enter, or press ? or * to list all spells.
Aiming: Ensorcelled Hibernation (safe; 6% risk of failure)
Press: ? - help, Shift-Dir - straight line, f - hell rat
Aim: a hell rat (chance to affect: 49%)
The hell rat resists with some effort.
Casting: Ensorcelled Hibernation (safe; 6% risk of failure)
Confirm with . or Enter, or press ? or * to list all spells.
Aiming: Ensorcelled Hibernation (safe; 6% risk of failure)
Press: ? - help, Shift-Dir - straight line, f/p - hell rat
Aim: a hell rat (chance to affect: 49%)
The hell rat resists with some effort.
The hell rat splashes around in the water.
The hell rat completely misses you.
Casting: Ensorcelled Hibernation (safe; 6% risk of failure)
Confirm with . or Enter, or press ? or * to list all spells.
Aiming: Ensorcelled Hibernation (safe; 6% risk of failure)
Press: ? - help, Shift-Dir - straight line, f/p - hell rat
Aim: a hell rat (chance to affect: 49%)
The hell rat resists with some effort.
The hell rat bites you.
You feel drained.
Casting: Ensorcelled Hibernation (safe; 6% risk of failure)
Confirm with . or Enter, or press ? or * to list all spells.
Aiming: Ensorcelled Hibernation (safe; 6% risk of failure)
Press: ? - help, Shift-Dir - straight line, f/p - hell rat
Aim: a hell rat (chance to affect: 49%)
The hell rat resists with some effort.
The hell rat bites you!
Ouch! That really hurt!
* * * LOW HITPOINT WARNING * * *
You feel drained.
You die...

#~~.∩~..###
#~~~~~∩~~~.~###
~~~..#####~~!~.#
r~~###?∩?###†~~##
..##.!!!!?.##~~.#
~ #.~~~~~~.~#.~.#
. ~~~~~~~##~.~#
~~~ #~r.###†~~##
..~r~##@##.....#
#.r~~~..~.~~###
###~.~..~.###
#########


You could see a hell rat and a rat.

Vanquished Creatures
  5 adders (D:2)
  A river rat (Sewer)
  A gnoll (D:1)
  3 worms
  4 ball pythons
  7 endoplasms
  2 giant cockroaches (D:3)
  4 goblins
  5 hobgoblins
  4 quokkas
  3 bats
  2 frilled lizards
  5 kobolds
  6 rats
52 creatures vanquished.

Notes
Turn   | Place    | Note
-------+----------+-------------------------------------------
     0 | D:1      | Dnbvrw the Spriggan Enchanter began the quest for the Orb.
     0 | D:1      | Reached XP level 1. HP: 9/9 MP: 5/5
   131 | D:1      | Reached skill level 4 in Hexes
   131 | D:1      | Reached XP level 2. HP: 13/13 MP: 7/7
   134 | D:1      | Learned a level 2 spell: Ensorcelled Hibernation
   523 | D:1      | Reached XP level 3. HP: 13/16 MP: 9/9
   527 | D:1      | Learned a level 3 spell: Tukima's Dance
   531 | D:1      | Learned a level 3 spell: Confusing Touch
   963 | D:2      | Reached XP level 4. HP: 21/21 MP: 6/11
  1017 | D:2      | Found Geyr's Book Shop.
  1024 | D:2      | Reached skill level 5 in Hexes
  1239 | D:2      | Found a faded altar of an unknown god.
  1693 | D:3      | Found a glowing silver altar of Zin.
  1797 | D:3      | Found an ancient bone altar of Kikubaaqudgha.
  1856 | D:3      | Found a glowing drain.
  1910 | Sewer    | Entered a sewer
  1926 | Sewer    | Gained mutation: Your mind is acute. (Int +4, Str/Dex -1)
                  | [potion of mutation]
  1926 | Sewer    | Gained mutation: You have hidden genetic potential. [potion
                  | of mutation]
  1955 | Sewer    | Slain by a hell rat

Illustrated notes

Levels and vault maps discovered:
D:1:      nicolae_arrival_memento_mori, layout_rooms
D:2:      layout_loops_cross, shapermc_ecumenical_altar_pompeii, serial_shops,
          nicolae_diamond_shop, minivault_25
D:3:      layout_basic, lemuel_doored_altar, marbit_many_paths,
          mainiacjoe_overflow_24_doors, cheibrodos_sewer_entry_drain,
          hangedman_glass_teeth
Sewer:    sewer_hellmonk_bad_rat

Skill      XL: |  1  2  3  4 |
---------------+-------------+-----
Spellcasting   | 3 4 |  4.8
Hexes          | 4 5 |  5.4
Short Blades   | |  1.1
Dodging        | |  2.6
Stealth        | |  4.4

Action                   |  1- 3 |  4- 6 || total
-------------------------+-------+-------++-------
Melee: Dagger            |    92 |    71 ||   163
       Punch             |     2 |       ||     2
 Cast: Ensorcelled Hiber |     9 |     9 ||    18
  Use: Scroll            |       |    15 ||    15
       Potion            |       |     1 ||     1
 Stab: Sleeping          |    12 |     8 ||    20
       Distracted        |       |     1 ||     1
Armor: Robe              |     7 |     8 ||    15
Dodge: Dodged            |    58 |    40 ||    98

Table legend: (Time is in decaauts)
 A = Elapsed time spent in this place.
 B = Non-inter-level travel time spent in this place.
 C = Inter-level travel time spent in this place.
 D = Time resting spent in this place.
 E = Time spent auto-exploring this place.
 F = Levels seen in this place.
 G = Mean time per level.
                   A        B        C        D        E       F      G
               +--------+--------+--------+--------+--------+-----+--------+
         Total |   1444 |   1406 |     38 |     93 |    864 |   4 |  361.0 |
       Dungeon |   1407 |   1369 |     38 |     93 |    857 |   3 |  469.0 |
         Sewer |     37 |     37 |      0 |      0 |      7 |   1 |   37.0 |
               +--------+--------+--------+--------+--------+-----+--------+

Top non-repeatable levels by time:
     D:2: 657 daAuts
     D:1: 528 daAuts
     D:3: 221 daAuts
   Sewer: 37 daAuts
